 Dungeon Crawl Stone Soup version 0.22.1-2-g9c5b331 (webtiles) character file.

1990 TheAlmogaver the Thaumaturge (level 9, 0/65 HPs)
             Began as a Gnoll Wizard on Dec 25, 2018.
             Was an Initiate of Ashenzari.
             Slain by a hornet (16 damage)
             ... on level 8 of the Dungeon on Dec 26, 2018.
             The game lasted 00:48:25 (10032 turns).

TheAlmogaver the Thaumaturge (Gnoll Wizard)        Turns: 10032, Time: 00:48:26

Health: 0/65       AC:  3    Str: 10    XL:     9   Next: 21%
Magic:  0/21       EV: 16    Int: 23    God:    Ashenzari [......]
Gold:   269        SH:  0    Dex: 17    Spells: 4/24 levels left

rFire    + . .     SeeInvis .   C - +6 dagger (venom)
rCold    + + .     Gourm    .   (no shield)
rNeg     . . .     Faith    .   a - +0 robe
rPois    .         Spirit   .   D - +1 hat
rElec    .         Reflect  .   (no cloak)
rCorr    .         Harm     .   (no gloves)
MR       +....                  (no boots)
Stlth    +++.......             (no amulet)
HPRegen  0.20/turn              j - ring of wizardry
MPRegen  0.17/turn              B - ring of Rume Eco {rF+ rC++ MR+ Dex+3}

@: very slightly contaminated
A: distributed training, fangs 1, strong nose
a: Curse Item, Renounce Religion


You were on level 8 of the Dungeon.
You worshipped Ashenzari.
Ashenzari was noncommittal.
You were not hungry.

You visited 2 branches of the dungeon, and saw 9 of its levels.

You collected 269 gold pieces.

Inventory:

Hand Weapons
 v - a +1 trident of venom
 z - a +0 vampiric scythe
 C - a +6 dagger of venom (weapon)
Missiles
 c - 144 stones
 f - 124 arrows
 p - 2 javelins of returning
 E - 7 silver javelins (quivered)
Armour
 a - a +0 robe (worn)
 b - a +0 hat
 y - a cursed +0 scale mail
 D - a +1 hat (worn)
Jewellery
 e - an uncursed ring of ice
 j - a ring of wizardry (left hand)
 t - a +4 ring of dexterity
 B - the ring of Rume Eco (right hand) {rF+ rC++ MR+ Dex+3}
   (You found it on level 5 of the Dungeon)

   [ring of protection from magic]

   It affects your dexterity (+3).
   It protects you from fire.
   It greatly protects you from cold.
   It affects your resistance to hostile enchantments.
 G - an uncursed ring of protection from fire
Wands
 A - a wand of disintegration (2)
Scrolls
 i - 2 scrolls of enchant armour
 m - 2 scrolls of enchant weapon
 n - 2 scrolls of blinking {unknown}
 o - 6 scrolls of remove curse
 q - a scroll of fog {unknown}
 r - 3 scrolls of teleportation {unknown}
 s - 3 scrolls of fear {unknown}
 u - 3 scrolls of immolation {unknown}
 x - 2 scrolls of identify
Potions
 g - a potion of mutation
 h - 4 potions of berserk rage
 k - a potion of brilliance
 l - 2 potions of heal wounds
 w - a potion of curing
Comestibles
 d - 4 rations


   Skills:
 + Level 3.9 Fighting
 + Level 3.9 Short Blades
 + Level 3.9 Long Blades
 + Level 3.9 Axes
 + Level 3.9 Maces & Flails
 + Level 3.9 Polearms
 + Level 3.9 Staves
 + Level 3.9 Slings
 + Level 3.9 Bows
 + Level 3.9 Crossbows
 + Level 3.9 Throwing
 + Level 3.9 Armour
 + Level 6.1 Dodging
 + Level 5.8 Stealth
 + Level 3.9 Shields
 + Level 3.9 Unarmed Combat
 + Level 8.2 Spellcasting
 + Level 3.9 Conjurations
 + Level 3.2 Hexes
 + Level 3.2 Charms
 + Level 3.9 Summonings
 + Level 3.2 Necromancy
 + Level 3.9 Translocations
 + Level 3.2 Transmutations
 + Level 3.2 Fire Magic
 + Level 3.2 Ice Magic
 + Level 3.2 Air Magic
 + Level 3.2 Earth Magic
 + Level 3.2 Poison Magic
 + Level 4.3 Invocations
 + Level 3.9 Evocations


You had 4 spell levels left.
You knew the following spells:

 Your Spells              Type           Power        Failure   Level  Hunger
a - Magic Dart            Conj           ####         1%          1    None
b - Blink                 Tloc           N/A          1%          2    None
c - Call Imp              Summ           ####....     1%          2    None
d - Conjure Flame         Conj/Fire      ####....     1%          3    None
e - Mephitic Cloud        Conj/Pois/Air  ####....     1%          3    None
f - Dazzling Spray        Conj/Hex       ####..       1%          3    None
g - Confuse               Hex            ###.....     2%          3    None
h - Tukima's Dance        Hex            ###.....     2%          3    None

Your spell library contained the following spells:

 Spells                   Type           Power        Failure   Level  Hunger
 Corona                   Hex            ###....      1%          1    None
 Ensorcelled Hibernation  Hex/Ice        ###...       1%          2    None
 Slow                     Hex            ###.....     1%          2    None


Dungeon Overview and Level Annotations

Branches:
Dungeon (8/15)             Temple (1/1) D:6
   Lair: D:8-11

Altars:
Ashenzari
Cheibriados
Dithmenos
Elyvilon
Fedhas
Gozag
Hepliaklqana
Kikubaaqudgha
Makhleb
Nemelex Xobeh
Okawaru
Qazlal
Ru
Sif Muna
Trog
Uskayaw
Vehumet
Wu Jian
Xom
Yredelemnul
Zin
The Shining One

Shops:
D:5 %   D:6 *


Innate Abilities, Weirdness & Mutations

Your experience applies equally to all skills.
You have very sharp teeth.
Your uncanny sense of smell can sniff out nearby items.


Message History

Aim: a hornet (chance to defeat MR: 73%)
The hound is blasted.
You blow up the hound!
The hornet stings you!
* * * LOW HITPOINT WARNING * * *
You feel yourself slow down.
Evoke which item? (* to show all) (? for menu, Esc to quit)
Aiming: Disintegrate
Press: ? - help, Shift-Dir - straight line, f/p - hornet
Aim: a hornet (chance to defeat MR: 73%)
The hornet struggles to resist.
You feel yourself speed up. The hornet misses you.
Your crimson imp hits the hornet.
The hornet completely misses you.
Casting: Blink (safe; 1% risk of failure)
Confirm with . or Enter, or press ? or * to list all spells.
You miscast Blink.
You are very lightly contaminated with residual magic.
Nothing appears to happen.
The hornet stings you!
You die...

........####.............
...............[.........
#........[......)........
######........5<.[.......
#....###............
##.......)..........
#......>...........
##...(.............
#@y5.)............
#..(..............
#..#....(..##......
#..####..######..... #...
#(.# #..##$ ....# #..#
...# # #$... #..# # ###..
.... #. ......


You could see a hornet and 2 friendly crimson imps.

Vanquished Creatures
  Pikel (D:8)
  Grinder (D:6)
  A steam dragon (D:7)
  2 slaves
  3 ogres
  The ghost of Matador8 the Grave Robber, an amateur DsNe (D:4)
  A bullfrog (D:8)
  A scorpion (D:6)
  Dowan (D:6)
  2 crimson imps
  2 hounds (D:8)
  3 orc priests
  2 centaur skeletons (D:5)
  A gnoll shaman (D:8)
  A worker ant (D:8)
  Natasha (twice) (D:2 D:1)
  A hound zombie (D:7)
  A howler monkey skeleton (D:4)
  3 gnolls
  10 adders
  An ooze (D:2)
  A worm (D:3)
  A dart slug (D:4)
  5 leopard geckos
  5 orcs
  9 bats
  6 giant cockroaches
  4 goblins
  11 hobgoblins
  3 quokkas
  5 frilled lizards
  3 kobolds
  A leopard gecko zombie (D:6)
  5 rats
100 creatures vanquished.

Vanquished Creatures (collateral kills)
  Duvessa (D:6)
  A phantom (D:4)
  A bullfrog skeleton (D:4)
  2 hounds
  An orc wizard (D:6)
  Natasha (D:2)
  2 worker ants
  A worker ant zombie (D:7)
  A gnoll (D:8)
  2 adders
  An adder skeleton (D:6)
  A worm (D:2)
  3 orcs
  A giant cockroach (D:4)
  A goblin (D:3)
  A quokka (D:6)
  A leopard gecko skeleton (D:7)
22 creatures vanquished.

Vanquished Creatures (others)
  A slave (D:7)
  An orc (D:7)
2 creatures vanquished.

Grand Total: 124 creatures vanquished

Notes
Turn   | Place    | Note
-------+----------+-------------------------------------------
     0 | D:1      | TheAlmogaver the Gnoll Wizard began the quest for the Orb.
     0 | D:1      | Reached XP level 1. HP: 13/13 MP: 8/8
   254 | D:1      | Reached XP level 2. HP: 19/19 MP: 8/10
   962 | D:1      | Reached XP level 3. HP: 25/25 MP: 5/11
   967 | D:1      | Learned a level 2 spell: Blink
   970 | D:1      | Learned a level 2 spell: Call Imp
   974 | D:1      | Learned a level 3 spell: Conjure Flame
   978 | D:1      | Learned a level 3 spell: Mephitic Cloud
  1182 | D:2      | Noticed Natasha
  1187 | D:2      | Killed Natasha
  1187 | D:2      | Reached skill level 1 in Invocations
  1329 | D:2      | Noticed Natasha
  1343 | D:2      | Killed Natasha
  1343 | D:2      | Reached skill level 1 in Fighting
  1343 | D:2      | Reached skill level 1 in Short Blades
  1343 | D:2      | Reached skill level 1 in Long Blades
  1343 | D:2      | Reached skill level 1 in Axes
  1343 | D:2      | Reached skill level 1 in Maces & Flails
  1343 | D:2      | Reached skill level 1 in Polearms
  1343 | D:2      | Reached skill level 1 in Staves
  1343 | D:2      | Reached skill level 1 in Slings
  1343 | D:2      | Reached skill level 1 in Bows
  1343 | D:2      | Reached skill level 1 in Crossbows
  1343 | D:2      | Reached skill level 1 in Throwing
  1343 | D:2      | Reached skill level 1 in Armour
  1343 | D:2      | Reached skill level 1 in Shields
  1343 | D:2      | Reached skill level 1 in Unarmed Combat
  1343 | D:2      | Reached skill level 1 in Evocations
  1343 | D:2      | Reached XP level 4. HP: 28/32 MP: 5/13
  1367 | D:2      | Noticed Natasha
  1401 | D:1      | Killed Natasha
  1709 | D:2      | Reached skill level 1 in Hexes
  1709 | D:2      | Reached skill level 1 in Charms
  1709 | D:2      | Reached skill level 1 in Necromancy
  1709 | D:2      | Reached skill level 1 in Transmutations
  1709 | D:2      | Reached skill level 1 in Fire Magic
  1709 | D:2      | Reached skill level 1 in Ice Magic
  1709 | D:2      | Reached skill level 1 in Air Magic
  1709 | D:2      | Reached skill level 1 in Earth Magic
  1709 | D:2      | Reached skill level 1 in Poison Magic
  1763 | D:2      | Found an ornate altar of the Wu Jian Council.
  2063 | D:2      | Reached XP level 5. HP: 37/37 MP: 8/14
  2806 | D:3      | Reached XP level 6. HP: 31/44 MP: 8/16
  3845 | D:4      | Reached skill level 5 in Dodging
  4209 | D:4      | Found a runed door.
  4214 | D:4      | Noticed Matador8's ghost (amateur DsNe)
  4391 | D:4      | Noticed a phantom
  4420 | D:4      | Killed a phantom
  4878 | D:4      | Reached XP level 7. HP: 50/50 MP: 11/18
  5290 | D:5      | Entered Level 5 of the Dungeon
  5415 | D:5      | Learned a level 3 spell: Dazzling Spray
  5419 | D:5      | Learned a level 3 spell: Confuse
  5423 | D:5      | Learned a level 3 spell: Tukima's Dance
  5453 | D:4      | Killed Matador8's ghost
  5832 | D:5      | Got a faintly glowing bronze ring
  6102 | D:5      | Found Cittipti's Food Shop.
  6505 | D:6      | Noticed Dowan
  6508 | D:6      | Noticed Duvessa
  6728 | D:5      | Reached skill level 5 in Stealth
  7565 | D:6      | Killed Dowan
  7573 | D:6      | HP: 2/51 [Duvessa/rapier of flaming (7)]
  7573 | D:6      | Killed Duvessa
  7573 | D:6      | Reached XP level 8. HP: 3/57 MP: 2/19
  8139 | D:6      | Noticed Grinder
  8161 | D:6      | Killed Grinder
  8289 | D:6      | Found Dide's General Store.
  8558 | D:6      | Found a staircase to the Ecumenical Temple.
  8571 | Temple   | Entered the Ecumenical Temple
  8600 | Temple   | Became a worshipper of Ashenzari the Shackled
  8600 | Temple   | Identified the ring of Rume Eco {rF+ rC++ MR+ Dex+3} (You
                  | found it on level 5 of the Dungeon)
  9035 | D:6      | Found a sparkling altar of Nemelex Xobeh.
  9478 | D:8      | Noticed a hornet
  9689 | D:7      | Reached skill level 8 in Spellcasting
  9921 | D:7      | Noticed Pikel
  9995 | D:8      | Killed Pikel
  9995 | D:8      | Reached XP level 9. HP: 40/65 MP: 3/21
 10032 | D:8      | Slain by a hornet

Skill      XL: |  1  2  3  4  5  6  7  8 |
---------------+-------------------------+-----
Conjurations   | 2 3 |  3.9
Summonings     | 2 3 |  3.9
Translocations | 2 3 |  3.9
Invocations    | 1 2 3 4 |  4.3
Fighting       | 1 2 3 |  3.9
Short Blades   | 1 2 3 |  3.9
Long Blades    | 1 2 3 |  3.9
Axes           | 1 2 3 |  3.9
Maces & Flails | 1 2 3 |  3.9
Polearms       | 1 2 3 |  3.9
Staves         | 1 2 3 |  3.9
Slings         | 1 2 3 |  3.9
Bows           | 1 2 3 |  3.9
Crossbows      | 1 2 3 |  3.9
Throwing       | 1 2 3 |  3.9
Armour         | 1 2 3 |  3.9
Shields        | 1 2 3 |  3.9
Unarmed Combat | 1 2 3 |  3.9
Evocations     | 1 2 3 |  3.9
Hexes          | 1 2 3 |  3.2
Charms         | 1 2 3 |  3.2
Necromancy     | 1 2 3 |  3.2
Transmutations | 1 2 3 |  3.2
Fire Magic     | 1 2 3 |  3.2
Ice Magic      | 1 2 3 |  3.2
Air Magic      | 1 2 3 |  3.2
Earth Magic    | 1 2 3 |  3.2
Poison Magic   | 1 2 3 |  3.2
Dodging        | 5 6 |  6.1
Stealth        | 5 |  5.8
Spellcasting   | 8 |  8.2

Action                   |  1- 3 |  4- 6 |  7- 9 || total
-------------------------+-------+-------+-------++-------
Melee: Unarmed           |       |     4 |       ||     4
       Bite              |       |     2 |     5 ||     7
       Trident           |       |     6 |    11 ||    17
       Dagger            |       |       |    18 ||    18
       Punch             |       |       |     1 ||     1
Throw: Stone             |       |     4 |       ||     4
       Javelin           |       |       |     6 ||     6
 Cast: Magic Dart        |    58 |   118 |   131 ||   307
       Call Imp          |     3 |    27 |    45 ||    75
       Blink             |       |     6 |    25 ||    31
       Mephitic Cloud    |       |     7 |    19 ||    26
       Conjure Flame     |       |     1 |     3 ||     4
       Confuse           |       |       |     4 ||     4
       Tukima's Dance    |       |       |     1 ||     1
       Dazzling Spray    |       |       |     1 ||     1
Evoke: Wand              |       |       |    12 ||    12
  Use: Scroll            |       |     6 |     2 ||     8
 Stab: Distracted        |       |     1 |       ||     1
       Confused          |       |       |     1 ||     1
  Eat: Chunk             |     1 |     6 |     3 ||    10
       Ration            |       |     2 |     3 ||     5
Armor: Robe              |       |     9 |    10 ||    19
Dodge: Dodged            |    15 |    41 |    94 ||   150
